 Dungeon Crawl Stone Soup version 0.29.1-1-gd02db6906a (webtiles) character file.

Game seed: 181235211883368323

842 RogueRain17 the Carver (level 7, -11/50 HPs)
             Began as a Demonspawn Gladiator on Sept 21, 2022.
             Was a Follower of Makhleb.
             Mangled by an ogre
             ... wielding a +0 giant club
              (32 damage)
             ... on level 5 of the Dungeon.
             The game lasted 00:09:45 (3631 turns).

RogueRain17 the Carver (Demonspawn Gladiator)       Turns: 3631, Time: 00:09:46

Health: -11/50     AC:  4    Str: 16    XL:     7   Next: 67%
Magic:  7/7        EV: 14    Int: 10    God:    Makhleb [*.....]
Gold:   217        SH:  4    Dex: 14    Spells: 6/6 levels left

rFire   . . .      SeeInvis .   a - +0 long sword
rCold   . . .      Faith    .   (no shield)
rNeg    . . .      Spirit   .   b - +0 leather armour
rPois   .          Reflect  .   (helmet restricted)
rElec   .          Harm     .   o - +0 cloak
rCorr   .          Rampage  .   (no gloves)
Will    .....                   (no boots)
Stlth   +.........              m - amulet of regeneration
HPRegen 0.96/turn               (no ring)
MPRegen 0.10/turn               (no ring)

@: no status effects
A: antennae 2, repulsion field 1, condensation shield
a: Renounce Religion


You were on level 5 of the Dungeon.
You worshipped Makhleb.
Makhleb was aware of your devotion.
You visited 1 branch of the dungeon, and saw 5 of its levels.

You collected 217 gold pieces.

Inventory:

Hand Weapons
 a - a +0 long sword (weapon)
Missiles
 d - a throwing net (quivered)
 e - a javelin
Armour
 b - a +0 leather armour (worn)
 o - a +0 cloak (worn)
Jewellery
 m - an amulet of regeneration (around neck)
 r - a ring of poison resistance
 y - a ring of resist corrosion
Wands
 u - a wand of paralysis (4)
 w - a wand of iceblast (6)
Scrolls
 g - 2 scrolls of identify {unknown}
 h - a scroll of teleportation {unknown}
 i - a scroll of immolation {unknown}
 k - 2 scrolls of fog {unknown}
 l - a scroll of noise {unknown}
 n - a scroll of brand weapon {unknown}
 s - 4 scrolls of poison {unknown}
 t - 2 scrolls of enchant weapon {unknown}
 z - a scroll of magic mapping {unknown}
Potions
 c - a potion of degeneration {unknown}
 f - a potion of ambrosia {unknown}
 j - 2 potions of flight {unknown}
 p - 2 potions of lignification {unknown}
 q - a potion of attraction {unknown}
 v - 2 potions of curing {unknown}
 x - a potion of invisibility {unknown}
 A - a potion of might {unknown}


   Skills:
 - Level 2.0 Fighting
 * Level 8.4 Long Blades
 - Level 1.7 Throwing
 - Level 3.0 Dodging


You had 6 spell levels left.
You didn't know any spells.
Your spell library contained the following spells:

 Spells                   Type           Power      Damage    Failure   Level
 Apportation              Tloc           0%         N/A       43%         1
 Beastly Appendage        Tmut           0%         N/A       43%         1
 Ensorcelled Hibernation  Hex/Ice        0%         N/A       56%         2
 Passwall                 Tmut/Erth      0%         N/A       56%         2
 Wereblood                Tmut           0%         N/A       56%         2
 Gell's Gravitas          Tloc           0%         N/A       80%         3
 Spider Form              Tmut/Pois      0%         N/A       80%         3
 Swiftness                Air            0%         N/A       80%         3
 Anguish                  Hex/Necr       0%         N/A       99%         4
 Petrify                  Tmut/Erth      0%         N/A       99%         4
 Alistair's Intoxication  Tmut/Pois      0%         N/A       100%        5
 Shatter                  Erth           0%         3d5*      100%        9


Dungeon Overview and Level Annotations

Branches:
Dungeon (5/15)             Temple (0/1) D:4

Altars:
Cheibriados
Kikubaaqudgha
Makhleb
Uskayaw

Shops:
D:1 [


Innate Abilities, Weirdness & Mutations

You have a pair of antennae on your head.
You are surrounded by a mild repulsion field. (EV +2)
A meltable shield of frost defends you. (SH +4)


Message History

Makhleb accepts your kill.
You feel a bit more experienced.
You hear an angry growl.
Aiming: Iceblast
Press: ? - help, Shift-Dir - straight line, f/p - Blork the orc
Aim: Blork the orc, wielding a +0 war axe and wearing a +2 robe of positive energy (moderately wounded)
The mass of ice explodes!
The iceblast engulfs Blork the orc!
Blork the orc is almost dead.
You hear a shout!
You hit Blork the orc.
Blork the orc is almost dead.
Blork the orc gestures at you while chanting.
The puff of frost hits you.
You hit Blork the orc.
You kill Blork the orc!
Makhleb accepts your kill.
A - a silvery potion
Things that are here:
a +0 war axe; a +2 robe of positive energy An ogre comes into view.
It is wielding a +0 giant club.
The ogre shouts!
You hear an angry growl.
The ogre hits you with a +0 giant club!!
A black bear comes into view.
Things that are here:
a +0 war axe; a +2 robe of positive energy You see here an adder corpse.
You hit the ogre but do no damage. The ogre closely misses you.
You slash the ogre!
The ogre is moderately wounded.
The ogre barely misses you.
You slash the ogre!
The ogre is heavily wounded.
You slash the ogre!
The ogre is severely wounded.
The ogre hits you with a +0 giant club!!
Ouch! That really hurt!
The ogre attacks as you move away!
The ogre hits you with a +0 giant club!!
Ouch! That really hurt!
You die...

.# ..# ####..## h# ..#
#. #.# #..# .# #.# #.
#.# #..# .###.#####.##.#
#..#
.h.....>..>##.#######..#
####h######............#
#.# #.#.########.#
#.######.#.########.#
#..........hO@...†..#
#.##.#####..##.######
#.##.# #..##.#### #.##.#
#..##....# #.##.#
#.....<#.# ####.##.#
#..##....#
#....##.#####..##.#.##
#...............#.#.#
.....##.######..#.#.#


You could see a black bear and an ogre.

Vanquished Creatures
  Grinder (D:3)
  Sigmund (D:4)
  An ogre (D:5)
  Blork the orc (D:5)
  A scorpion (D:4)
  2 hounds
  A jelly (D:3)
  2 iguanas (D:4)
  7 adders
  An ufetubus (D:4)
  2 worms
  A dart slug (D:1)
  3 orcs
  4 endoplasms
  4 giant cockroaches
  3 goblins
  4 hobgoblins
  2 jackals (D:5)
  6 kobolds
  2 quokkas (D:1)
  9 ball pythons
  6 bats
  4 frilled lizards
  9 rats
  A butterfly (D:4)
78 creatures vanquished.

Notes
Turn   | Place    | Note
-------+----------+-------------------------------------------
     0 | D:1      | RogueRain17 the Demonspawn Gladiator began the quest for
                  | the Orb.
     0 | D:1      | Reached XP level 1. HP: 16/16 MP: 1/1
   150 | D:1      | Found a faded altar of an unknown god.
   163 | D:1      | Reached skill level 3 in Long Blades
   309 | D:1      | Gained mutation: You have a pair of small antennae on your
                  | head. [demonic ancestry]
   309 | D:1      | Reached XP level 2. HP: 19/22 MP: 2/2
   355 | D:1      | Got Isaonniu's Anthology of the Dislocated Ground
   425 | D:1      | Found Timideh's Armour Emporium.
   990 | D:2      | Gained mutation: You have a pair of antennae on your head.
                  | [demonic ancestry]
   990 | D:2      | Reached XP level 3. HP: 19/27 MP: 3/3
  1628 | D:2      | Reached skill level 4 in Long Blades
  1968 | D:3      | Found a hide-covered altar of Uskayaw.
  2128 | D:3      | Found a snail-covered altar of Cheibriados.
  2308 | D:3      | Found an ancient bone altar of Kikubaaqudgha.
  2322 | D:3      | Noticed Grinder
  2456 | D:3      | Paralysed by Grinder for 2 turns
  2472 | D:3      | Paralysed by Grinder for 2 turns
  2476 | D:3      | Killed Grinder
  2477 | D:3      | Reached skill level 6 in Long Blades
  2477 | D:3      | Reached XP level 4. HP: 27/33 MP: 4/4
  2477 | D:3      | Gained mutation: A meltable shield of frost defends you.
                  | (SH +4) [demonic ancestry]
  2477 | D:3      | Reached XP level 5. HP: 31/38 MP: 5/5
  2505 | D:3      | Found a burning altar of Makhleb.
  2505 | D:3      | Noticed an Executioner
  2510 | D:3      | Noticed a hellwing
  2510 | D:3      | Noticed a neqoxec
  2512 | D:3      | Became a worshipper of Makhleb the Destroyer
  2812 | D:3      | Gained mutation: You are surrounded by a mild repulsion
                  | field. (EV +2) [demonic ancestry]
  2812 | D:3      | Reached XP level 6. HP: 39/44 MP: 6/6
  3055 | D:4      | Found a staircase to the Ecumenical Temple.
  3122 | D:4      | Reached skill level 7 in Long Blades
  3192 | D:4      | Reached * piety under Makhleb
  3206 | D:4      | Noticed Sigmund
  3235 | D:4      | Killed Sigmund
  3236 | D:4      | Reached XP level 7. HP: 48/50 MP: 7/7
  3389 | D:5      | Entered Level 5 of the Dungeon
  3509 | D:5      | Reached skill level 8 in Long Blades
  3583 | D:5      | Noticed Blork the orc
  3596 | D:5      | Killed Blork the orc
  3631 | D:5      | Mangled by an ogre

Illustrated notes

Levels and vault maps discovered:
D:1:      minmay_arrival_doors, layout_basic,
          hellmonk_ecumenical_altar_leap_of_faith, serial_shops, shop
D:2:      layout_basic, due_unseen_surprise
D:3:      layout_loops_corners, general_overflow_altar,
          mainiacjoe_overflow_boulevard, makhleb_altar_promises_db,
          mainiacjoe_overflow_catch_the_wave, uniq_grinder
D:4:      layout_rooms, minmay_temple_entry_butterflies, uniq_sigmund
D:5:      layout_loops_ring, uniq_blork_the_orc, uniq_crazy_yiuf_cottage

Skill      XL: |  1  2  3  4  5  6  7 |
---------------+----------------------+-----
Long Blades    | 3 6 7 8 |  8.4
Dodging        | 3 |  3.0
Fighting       | |  2.0
Throwing       | |  1.7

Action                   |  1- 3 |  4- 6 |  7- 9 || total
-------------------------+-------+-------+-------++-------
Melee: Long sword        |   140 |   105 |    25 ||   270
       Punch             |       |     1 |       ||     1
Throw: Throwing net      |     5 |     1 |       ||     6
Evoke: Wand              |       |     5 |     2 ||     7
  Use: Potion            |     3 |       |       ||     3
 Stab: Sleeping          |     3 |     1 |     1 ||     5
       Paralysed         |       |    10 |       ||    10
Armor: Leather armour    |    35 |    21 |     1 ||    57
Dodge: Dodged            |    85 |    72 |    12 ||   169
Block: Other             |       |    19 |     3 ||    22
